[Event "II Duchamp Open 2018"]
[Site "Rio de Janeiro"]
[Date "2018.11.17"]
[Round "4"]
[White "Menna Barreto, Felipe Kubiaki"]
[Black "Brito, Luismar"]
[Result "1-0"]
[ECO "A04"]
[WhiteElo "2342"]
[BlackElo "2349"]
[Annotator "NA"]
[PlyCount "93"]
[EventDate "2018.11.14"]
[EventType "swiss"]
[EventCountry "BRA"]
[SourceTitle "playchess.com"]
[Source "ChessBase"]
[SourceQuality "1"]
[TimeControl "5400+30"]

1. Nf3 c5 2. c4 Nc6 3. Nc3 b6 {[%emt 0:00:07] A35: Symmetrical English: 2 Nc3 Nc6 3 Nf3} (3... g6 4. e3 Nf6 5. d4 cxd4 6. exd4 d5 7. cxd5 Nxd5 8. Qb3 Nxc3 9. Bc4 e6 10. bxc3 Bd7 11. Bb5 a6 12. Be2 Na5 13. Qb1 Rc8 14. O-O f6 15. c4 b6 16. c5 bxc5 17. dxc5 Bxc5 18. Bxa6 Rb8 {1-0 (34) Svidler,P (2756)-Shankland,S (2722) Hoogeveen 2018}) 4. e3 Nf6 5. d4 g6 6. d5 Na5 7. e4 d6 8. Be2 Bg7 9. O-O O-O 10. Bd2 $146 ({Predecessor:} 10. h3 Nd7 11. Bf4 Ne5 12. Nxe5 dxe5 13. Be3 f5 14. exf5 gxf5 {1-0 (30) Lang,Z (2246)-Lichtenstern,C (2181) Bayern 2015}) 10... Nd7 11. b3 Ne5 12. Ne1 f5 13. exf5 Bxf5 14. Nf3 Nxf3+ 15. Bxf3 a6 16. Qe2 Ra7 17. Rae1 h6 18. Bg4 Kh7 19. h4 Qd7 20. Bf3 Qe8 21. Ne4 Qf7 22. h5 Be5 23. Ng3 Qg7 24. Be4 Rc7 25. hxg6+ Bxg6 26. Nh5 Qf7 27. Qe3 Bg7 28. Nf4 (28. Qh3 $142) 28... Qxf4 29. Qxf4 Rxf4 30. Bxf4 b5 31. Bd2 b4 32. Bxg6+ Kxg6 33. Re6+ Bf6 34. g4 Nb7 35. f4 Nd8 36. Re4 a5 37. Kg2 a4 38. g5 ({Resist} 38. bxa4 Ra7 $18) 38... hxg5 39. fxg5 Bg7 40. Rfe1 Bf8 41. Bf4 Nf7 42. Kf3 Ra7 43. Kg4 axb3 44. axb3 Ra2 45. Re6+ Kg7 46. Kf5 Rf2 $18 47. Rg6+ 1-0

[Event "II Duchamp Open 2018"]
[Site "Rio de Janeiro"]
[Date "2018.11.17"]
[Round "4"]
[White "Rodi, Luis Ernesto"]
[Black "Lebredo Zaragoitia, Gerardo"]
[Result "1-0"]
[ECO "B41"]
[WhiteElo "2327"]
[BlackElo "2139"]
[Annotator "ChessBase"]
[PlyCount "43"]
[EventDate "2018.11.14"]
[EventType "swiss"]
[EventCountry "BRA"]
[SourceTitle "playchess.com"]
[Source "ChessBase"]
[SourceQuality "1"]
[TimeControl "5400+30"]

1. e4 c5 2. Nf3 e6 3. d4 cxd4 4. Nxd4 a6 5. c4 Nf6 6. Nc3 Qc7 7. Be2 Bb4 8. Nc2 Bxc3+ 9. bxc3 Nc6 10. f3 Qe5 11. O-O Qxc3 12. Ba3 d5 13. exd5 exd5 14. cxd5 Nxd5 15. Qxd5 Qxc2 16. Bd3 Qc3 17. Rae1+ Be6 18. Bc5 Ne7 19. Qd6 O-O 20. Rc1 Qa5 21. Qxe7 Rac8 22. Qh4 1-0

[Event "II Duchamp Open 2018"]
[Site "Rio de Janeiro"]
[Date "2018.11.17"]
[Round "4"]
[White "Guimaraes, Diogo Duarte"]
[Black "Almeida, Gianluca Jorio"]
[Result "0-1"]
[ECO "B43"]
[WhiteElo "2272"]
[BlackElo "2109"]
[Annotator "ChessBase"]
[PlyCount "70"]
[EventDate "2018.11.14"]
[EventType "swiss"]
[EventCountry "BRA"]
[SourceTitle "playchess.com"]
[Source "ChessBase"]
[SourceQuality "1"]
[TimeControl "5400+30"]

1. e4 c5 2. Nf3 e6 3. d4 cxd4 4. Nxd4 a6 5. Nc3 Qc7 6. Be3 Nf6 7. Bd3 Bb4 8. O-O O-O 9. Qf3 d6 10. Na4 Nbd7 11. a3 Bc5 12. b4 Bxd4 13. Bxd4 b5 14. Bxf6 Nxf6 15. e5 Bb7 16. Qg3 dxe5 17. Nc5 Bd5 18. Rae1 Nh5 19. Qxe5 Qxe5 20. Rxe5 Nf4 21. Be4 Rfd8 22. g3 Ne2+ 23. Kg2 Nc3 24. Bxd5 Rxd5 25. Re3 Nd1 26. Rb3 a5 27. Kf3 a4 28. Rd3 Nb2 29. Rxd5 exd5 30. Ra1 Nc4 31. Ke2 Kf8 32. Kd3 Ke7 33. Kd4 Kd6 34. Nd3 Re8 35. h4 Re4+ 0-1

[Event "II Duchamp Open 2018"]
[Site "Rio de Janeiro"]
[Date "2018.11.17"]
[Round "4"]
[White "Teixeira, Ricardo Da Silva"]
[Black "Manzi, Luiz Antonio Bardar"]
[Result "0-1"]
[ECO "D63"]
[WhiteElo "2239"]
[BlackElo "2047"]
[Annotator "NA"]
[PlyCount "78"]
[EventDate "2018.11.14"]
[EventType "swiss"]
[EventCountry "BRA"]
[SourceTitle "playchess.com"]
[Source "ChessBase"]
[SourceQuality "1"]
[TimeControl "5400+30"]

1. c4 e6 2. Nc3 d5 3. d4 Nf6 4. Bg5 Be7 5. Nf3 Nbd7 6. e3 O-O 7. Rc1 a6 8. cxd5 exd5 9. Bd3 c5 {[%emt 0:06:37] D63: Queen's Gambit Declined: Classical: 7 Rc1} 10. O-O c4 11. Bb1 b5 12. Ne5 Bb7 13. Qf3 $146 ({Predecessor:} 13. Qc2 g6 14. f4 Ne4 15. Bh6 Re8 16. f5 Nxe5 17. dxe5 {0-1 (35) Gunina,V (2471)-Munguntuul,B (2410) Moscow 2011}) 13... b4 14. Qh3 Re8 15. Nxd7 Qxd7 16. Bf5 Qc6 17. Bxf6 Bxf6 18. Ne2 g6 19. Bd7 Qd6 20. Bxe8 Rxe8 21. Qf3 Kg7 22. b3 c3 23. a3 a5 24. axb4 axb4 25. Ra1 Ba6 26. Ra5 ({White should play} 26. Rfd1 $16) 26... Qb6 27. Rfa1 Bxe2 28. Qxe2 Qxd4 29. Qb5 Rxe3 30. fxe3 Qxe3+ 31. Kh1 c2 32. Qf1 Bxa1 33. Qxa1+ Qc3 34. Qc1 d4 35. h3 $19 d3 36. Rd5 Qxb3 37. Qg5 Qxd5 38. Qxd5 c1=Q+ 39. Kh2 Qc3 0-1

[Event "II Duchamp Open 2018"]
[Site "Rio de Janeiro"]
[Date "2018.11.17"]
[Round "4"]
[White "Viana, Dirceu"]
[Black "Souza Neves, Andrey M."]
[Result "1-0"]
[ECO "A13"]
[WhiteElo "2201"]
[BlackElo "2074"]
[Annotator "NA"]
[PlyCount "73"]
[EventDate "2018.11.14"]
[EventType "swiss"]
[EventCountry "BRA"]
[SourceTitle "playchess.com"]
[Source "ChessBase"]
[SourceQuality "1"]
[TimeControl "5400+30"]

1. c4 e6 2. Nf3 d5 3. e3 Nf6 4. b3 Be7 5. Bb2 O-O 6. Nc3 c5 7. cxd5 Nxd5 8. Nxd5 {[%emt 0:00:21] A13: English Opening: 1...e6} (8. h4 b6 9. Qb1 h6 10. g4 Bb7 11. Rh3 Nd7 12. g5 h5 13. Bd3 Nb4 14. Bh7+ Kh8 15. Be4 Nd5 {1-0 (24) Nepomniachtchi,I (2768)-Bacrot,E (2678) Batumi 2018}) 8... exd5 9. Be2 d4 10. Qb1 Bf6 11. O-O Nc6 12. Bd3 $146 ({Predecessor:} 12. Bb5 Bd7 13. Rc1 b6 14. Bd3 g6 15. exd4 cxd4 16. Be4 Rc8 17. d3 Re8 18. Rc4 b5 19. Rc2 Qb6 20. Qd1 Nb4 21. Rxc8 Rxc8 22. a3 Nc6 {½-½ (22) Makarichev,S (2500)-Speelman,J (2470) Hastings 1979}) 12... g6 13. Be4 Bd7 14. Rc1 Qb6 15. Qc2 Be7 16. exd4 cxd4 17. Bxc6 Bxc6 18. Nxd4 Bd5 19. Qc7 Bf6 20. Qxb6 axb6 21. Bc3 Rfe8 22. Nb5 Bxc3 23. dxc3 Rad8 24. Re1 Be6 25. Nd4 Re7 26. Kf1 Kg7 27. Rad1 Ra8 28. a4 b5 29. axb5 Ra2 30. Nxe6+ Rxe6 31. Rxe6 fxe6 32. Rd7+ Kf6 33. Rxh7 e5 34. Rxb7 e4 35. b6 Ra1+ 36. Ke2 Ra2+ $18 37. Ke3 1-0

[Event "II Duchamp Open 2018"]
[Site "Rio de Janeiro"]
[Date "2018.11.17"]
[Round "4"]
[White "Souza, Wellington"]
[Black "Reis, Virginia Lagrange M"]
[Result "1/2-1/2"]
[ECO "A56"]
[WhiteElo "2120"]
[BlackElo "1750"]
[Annotator "NA"]
[PlyCount "58"]
[EventDate "2018.11.14"]
[EventType "swiss"]
[EventCountry "BRA"]
[SourceTitle "playchess.com"]
[Source "ChessBase"]
[SourceQuality "1"]
[TimeControl "5400+30"]

1. d4 Nf6 2. c4 c5 3. e3 cxd4 4. exd4 d5 5. cxd5 Nxd5 6. Nc3 Nc6 7. Bb5 e6 8. Nf3 Be7 9. O-O O-O 10. Bd3 Nf6 11. a3 b6 12. Be3 Bb7 13. Rc1 Rc8 14. Bb1 Ba6 15. Re1 Qd7 16. Qc2 g6 17. Red1 Rfd8 18. b4 Bb7 19. Qe2 Qe8 20. h3 Rd7 21. Bd3 Nd5 22. Ne4 Nxe3 23. Qxe3 Qd8 24. Bc4 Kg7 25. Qc3 Bf6 26. Nxf6 Qxf6 27. Qe3 Rcd8 28. Bb5 Rd6 29. Bxc6 Bxc6 1/2-1/2

[Event "II Duchamp Open 2018"]
[Site "Rio de Janeiro"]
[Date "2018.11.17"]
[Round "4"]
[White "Campos, Alexandre Ferreira"]
[Black "Larrea, Manuel"]
[Result "0-1"]
[ECO "A14"]
[WhiteElo "2076"]
[BlackElo "2271"]
[Annotator "ChessBase"]
[PlyCount "88"]
[EventDate "2018.11.14"]
[EventType "swiss"]
[EventCountry "BRA"]
[SourceTitle "playchess.com"]
[Source "ChessBase"]
[SourceQuality "1"]
[TimeControl "5400+30"]

1. Nf3 Nf6 2. c4 e6 3. g3 d5 4. Bg2 Be7 5. O-O O-O 6. d4 dxc4 7. Ne5 Nc6 8. Nxc6 bxc6 9. Qa4 Qxd4 10. Rd1 Qb6 11. Bxc6 Ng4 12. Rf1 Rb8 13. h3 Ne5 14. Bg2 Bc5 15. Nc3 Qa6 16. Qc2 Bb7 17. Ne4 Be7 18. Bf4 Ng6 19. Bxc7 Rbc8 20. Bf4 f5 21. Ng5 Bxg2 22. Kxg2 e5 23. Bd2 Bxg5 24. Bxg5 f4 25. h4 h6 26. h5 Qc6+ 27. f3 hxg5 28. hxg6 Rf6 29. Rad1 Rxg6 30. Qf5 g4 31. Qxe5 gxf3+ 32. Rxf3 Rxg3+ 33. Kf2 Rxf3+ 34. exf3 Qc5+ 35. Qxc5 Rxc5 36. Rc1 Kf7 37. b3 c3 38. Ke2 Re5+ 39. Kf2 Re3 40. b4 Ke6 41. a4 Kd5 42. b5 Kc4 43. Rg1 c2 44. Rxg7 Rc3 0-1

[Event "II Duchamp Open 2018"]
[Site "Rio de Janeiro"]
[Date "2018.11.17"]
[Round "4"]
[White "Dos Santos, Vitor Eduardo Mello"]
[Black "De Almeida, Roberto A. Ferreira"]
[Result "1-0"]
[ECO "C26"]
[WhiteElo "2054"]
[BlackElo "1784"]
[Annotator "NA"]
[PlyCount "99"]
[EventDate "2018.11.14"]
[EventType "swiss"]
[EventCountry "BRA"]
[SourceTitle "playchess.com"]
[Source "ChessBase"]
[SourceQuality "1"]
[TimeControl "5400+30"]

1. a3 e5 2. e4 Nf6 3. Nc3 Bc5 4. Bc4 Nc6 5. Nf3 O-O {[%emt 0:00:21] C55: Two Knights: 4 d3, 4 d4 exd4 5 e5 and Max Lange Attack} 6. d3 a6 (6... h6 7. O-O d6 8. Na4 Bb6 9. b4 Qe7 10. Bd2 Be6 11. Bxe6 Qxe6 12. c4 Bd4 13. Rb1 a6 14. b5 axb5 15. cxb5 Nd8 16. Nxd4 exd4 {½-½ (24) Lagarde,M (2615)-Barbot,P (2420) Cannes 2018}) 7. Bg5 Be7 8. h3 b5 9. Bb3 d6 10. O-O Nd7 $146 ({Predecessor:} 10... Na5 11. Ba2 c5 12. Bxf6 Bxf6 13. Nd5 Be6 14. Nh2 {1-0 (29) Assa,O-Nnubia,U Lagos 2015}) 11. Be3 Kh8 12. Ne2 Na5 13. Ba2 c5 14. Ng3 Nf6 15. c3 c4 16. d4 Nd7 17. Nh2 Nf6 18. f3 Qc7 19. Qe2 Nc6 20. d5 Na5 21. f4 exf4 22. Rxf4 Nb7 23. Raf1 Nc5 24. Bd4 Nd3 25. R4f3 Ne5 26. R3f2 a5 27. Nf5 Bxf5 28. Rxf5 Rae8 29. Bb1 Qb7 30. Kh1 Bd8 31. Qf2 Nfd7 32. Qg3 b4 33. axb4 axb4 34. cxb4 Qxb4 35. Ng4 Qd2 36. Bc3 Qe2 37. R5f2 Qxf2 38. Rxf2 Nxg4 39. Qxg4 Ne5 40. Bxe5 Rxe5 41. Qd7 Be7 42. Rf5 Bf6 43. Qxd6 Ree8 44. Rxf6 gxf6 45. Qxf6+ Kg8 46. Qg5+ Kh8 47. Qf6+ Kg8 48. e5 Ra8 49. Qg5+ Kh8 50. Qf5 1-0

[Event "II Duchamp Open 2018"]
[Site "Rio de Janeiro"]
[Date "2018.11.17"]
[Round "4"]
[White "Brito, Vicente De Paulo Al"]
[Black "Pimentel, Rafael Favarin G."]
[Result "0-1"]
[ECO "B13"]
[WhiteElo "2044"]
[BlackElo "1886"]
[Annotator "NA"]
[PlyCount "72"]
[EventDate "2018.11.14"]
[EventType "swiss"]
[EventCountry "BRA"]
[SourceTitle "playchess.com"]
[Source "ChessBase"]
[SourceQuality "1"]
[TimeControl "5400+30"]

1. e4 c6 2. d4 d5 3. exd5 cxd5 4. Bd3 Nc6 5. c3 Nf6 6. Bf4 g6 7. Ne2 {[%emt 0:02:43] B13: Caro-Kann: Exchange Variation and Panov-Botvinnik Attack} (7. Nf3 Bf5 8. Bxf5 gxf5 9. Ne5 e6 10. Nd2 Bd6 11. g3 Qc7 12. Qe2 h5 13. Ndf3 Ne4 14. Nxc6 Qxc6 15. Bxd6 Nxd6 {0-1 (50) Demchenko,A (2660)-Melkumyan,H (2633) Riadh 2017}) 7... Bf5 8. Bxf5 gxf5 9. Ng3 e6 10. Qe2 Ne4 $146 ({Predecessor:} 10... Be7 11. Nd2 Qb6 12. Nf3 Ne4 13. Ne5 Nxe5 14. Bxe5 f6 {½-½ (80) Tomcikova,D (1936)-Zetocha,A (2152) Banska Bystrica 2017}) 11. Nd2 Bd6 12. Bxd6 Qxd6 13. Ngxe4 fxe4 14. f3 exf3 15. Nxf3 f6 16. O-O O-O-O 17. b4 Kb8 18. a4 Rde8 19. b5 Ne7 20. c4 dxc4 21. Qxc4 Nd5 22. Rae1 Rhg8 23. Qc5 Qxc5 24. dxc5 Nf4 25. Nh4 Nd3 26. Re3 Nxc5 27. Rxf6 Rg4 28. Nf5 Rd8 29. Nh6 Rxa4 30. Rf7 Rd1+ 31. Kf2 Ne4+ 32. Rxe4 Rxe4 33. g4 Rd3 $19 34. Kg2 Re2+ 35. Rf2 Rxf2+ 36. Kxf2 Rh3 0-1

[Event "II Duchamp Open 2018"]
[Site "Rio de Janeiro"]
[Date "2018.11.17"]
[Round "4"]
[White "Torella, Rodolfo"]
[Black "Souza Jr, Helemberg Cubica De"]
[Result "1-0"]
[ECO "B82"]
[WhiteElo "2036"]
[BlackElo "1753"]
[Annotator "NA"]
[PlyCount "39"]
[EventDate "2018.11.14"]
[EventType "swiss"]
[EventCountry "BRA"]
[SourceTitle "playchess.com"]
[Source "ChessBase"]
[SourceQuality "1"]
[TimeControl "5400+30"]

1. e4 c5 2. Nf3 d6 3. d4 cxd4 4. Nxd4 Nf6 5. Nc3 e6 6. Be3 Be7 7. f4 Nc6 8. Qf3 O-O 9. O-O-O Nxd4 10. Bxd4 e5 11. fxe5 Bg4 12. exf6 Bxf3 13. fxe7 Qxe7 14. gxf3 Qh4 15. Bc4 Qf4+ 16. Kb1 Qxf3 17. Rhg1 g6 18. Rd3 Qf4 19. Nd5 Qh4 20. Bf6 1-0

[Event "II Duchamp Open 2018"]
[Site "Rio de Janeiro"]
[Date "2018.11.17"]
[Round "4"]
[White "Urquiza, Marcello de Albuque"]
[Black "Rocha, Vitor Firmo De Souz"]
[Result "1/2-1/2"]
[ECO "B18"]
[WhiteElo "2018"]
[BlackElo "2174"]
[Annotator "ChessBase"]
[PlyCount "124"]
[EventDate "2018.11.14"]
[EventType "swiss"]
[EventCountry "BRA"]
[SourceTitle "playchess.com"]
[Source "ChessBase"]
[SourceQuality "1"]
[TimeControl "5400+30"]

1. e4 c6 2. d4 d5 3. Nd2 dxe4 4. Nxe4 Bf5 5. Ng3 Bg6 6. h4 h6 7. h5 Bh7 8. Nf3 Nd7 9. Bd3 Bxd3 10. Qxd3 e6 11. Bd2 Qc7 12. O-O-O Ngf6 13. Ne4 O-O-O 14. Qe2 Nxe4 15. Qxe4 Nf6 16. Qe2 Bd6 17. g3 Kb8 18. Ne5 Ka8 19. Nc4 c5 20. Nxd6 Qxd6 21. Bf4 Qd5 22. c4 Qe4 23. Qxe4 Nxe4 24. Be3 cxd4 25. Rxd4 Rxd4 26. Bxd4 e5 27. Be3 Rd8 28. g4 b6 29. Rd1 Rc8 30. b3 Nf6 31. f3 Kb7 32. Kd2 Kc6 33. Ke2 a5 34. Bc1 Re8 35. Bb2 g6 36. hxg6 fxg6 37. Ba3 Re6 38. Rd8 Ne8 39. Ke3 Kc7 40. Rd2 Nf6 41. Rh2 h5 42. gxh5 Nxh5 43. Rg2 Kc6 44. Bb2 Ng7 45. Ke4 a4 46. Bxe5 Nf5 47. f4 Kc5 48. Kd3 axb3 49. axb3 Kb4 50. Rb2 Ka3 51. Kc3 g5 52. Rb1 Ka2 53. Re1 gxf4 54. Kb4 Nd4 55. Kc3 Nf3 56. Rf1 Nxe5 57. Rf2+ Ka3 58. Rf1 Ka2 59. Rf2+ Kb1 60. Rf1+ Ka2 61. Rf2+ Ka3 62. Rf1 Ka2 1/2-1/2

[Event "II Duchamp Open 2018"]
[Site "Rio de Janeiro"]
[Date "2018.11.17"]
[Round "4"]
[White "Nascimento, Pedro Henrique Alve"]
[Black "Barreto, Ignacio C. De Barro"]
[Result "0-1"]
[ECO "A50"]
[WhiteElo "2007"]
[BlackElo "2222"]
[Annotator "NA"]
[PlyCount "92"]
[EventDate "2018.11.14"]
[EventType "swiss"]
[EventCountry "BRA"]
[SourceTitle "playchess.com"]
[Source "ChessBase"]
[SourceQuality "1"]
[TimeControl "5400+30"]

1. d4 Nf6 2. c4 Nc6 3. Nf3 e6 4. Bg5 h6 5. Bh4 Bb4+ 6. Nc3 Bxc3+ {[%emt 0:03:43] E30: Nimzo-Indian: Leningrad Variation} (6... g5 7. Bg3 Ne4 8. Qc2 d5 9. e3 h5 10. h3 Nxg3 11. fxg3 Qd6 12. Kf2 Qd8 13. cxd5 exd5 14. Bb5 Kf8 15. a3 Be7 16. Bxc6 bxc6 {0-1 (40) Sarkar,J (2307)-Gutman,G (2476) Pardubice 2018}) 7. bxc3 Qe7 8. Qc2 d6 9. e4 e5 10. d5 Nb8 11. Be2 $146 ({Predecessor:} 11. c5 dxc5 12. Bb5+ Nbd7 13. Bg3 O-O {0-1 (26) Nascimento,P (1834)-Cunha,L (2225) Brasilia 2013}) 11... Nbd7 12. O-O Nf8 13. Nd2 g5 14. Bg3 Ng6 15. Rfd1 h5 16. f3 g4 17. c5 h4 18. Bf2 g3 19. hxg3 hxg3 20. Bxg3 Nh5 21. cxd6 cxd6 22. Bb5+ Kf8 23. Nf1 Qg5 24. Qd2 Ngf4 25. Bxf4 exf4 26. g4 Nf6 27. Qg2 Rh4 28. Nh2 Kg7 29. c4 Bd7 30. Bxd7 Nxd7 31. Kf2 Rah8 32. Nf1 Ne5 33. Rac1 b6 34. a4 $2 (34. Rc3 Rh1 35. Ke2) 34... Rh3 $19 35. Rc3 Qf6 36. Rdc1 Nd3+ 37. Rxd3 Qb2+ 38. Rd2 Qxc1 39. Re2 Qxc4 40. g5 Qd4+ 41. Ke1 Rh1 42. g6 fxg6 43. Rd2 Qc4 44. Qe2 Qc1+ 45. Rd1 Qc3+ 46. Kf2 R8h2+ 0-1

[Event "II Duchamp Open 2018"]
[Site "Rio de Janeiro"]
[Date "2018.11.17"]
[Round "4"]
[White "Chang, Suzana"]
[Black "Santos Filho, Tadeu Sousa"]
[Result "0-1"]
[ECO "A81"]
[WhiteElo "1968"]
[BlackElo "2078"]
[Annotator "NA RC"]
[PlyCount "134"]
[EventDate "2018.11.14"]
[EventType "swiss"]
[EventCountry "BRA"]
[SourceTitle "playchess.com"]
[Source "ChessBase"]
[SourceQuality "1"]
[TimeControl "5400+30"]

1. d4 e6 2. g3 f5 3. Bg2 Nf6 4. Nh3 d5 5. O-O Bd6 6. c4 c6 7. Qc2 O-O 8. Bf4 Be7 9. Nd2 Nh5 {[%emt 0:01:52] A90: Dutch Defence: Miscellaneous and Modern Stonewall (with ...Bd6)} (9... h6 10. Bxb8 Rxb8 11. Nf4 Qe8 12. Nd3 b6 13. b4 Ne4 14. Nf3 Ba6 15. Nfe5 Bf6 16. c5 Bxd3 17. exd3 Ng5 18. f4 Nf7 19. Qa4 Nxe5 20. dxe5 Be7 21. d4 a5 22. a3 b5 23. Qc2 a4 {½-½ (23) Kuybokarov,T (2499)-Maghsoodloo,P (2636) Abu Dhabi 2018}) 10. e3 g5 11. Be5 Nd7 12. f4 g4 13. Nf2 Bf6 $146 ({Predecessor:} 13... Nxe5 14. fxe5 Bd7 15. Nd3 Ng7 16. Rac1 h5 17. Nf4 {½-½ (42) Christensen,T (2225)-Rathlev,J (2231) Denmark 2017}) 14. Rac1 Ng7 15. b4 h5 16. b5 h4 17. cxd5 cxd5 18. Rfe1 hxg3 19. hxg3 Nh5 20. Nf1 Nb6 (20... Nxe5 $15 21. fxe5 (21. dxe5 Be7 $15) 21... Be7) 21. Bc7 Qe8 22. Bxb6 axb6 23. a4 Rf7 24. Qb3 Be7 25. Rc2 Bd6 26. Rec1 Bd7 27. Nd3 Rf8 28. Kf2 Kg7 29. Ne5 Qd8 30. Nd3 Rh8 31. Ne5 Qe7 32. Nd3 Ra7 33. Ne5 Rha8 34. Ra2 Rh8 35. Rac2 Rha8 36. Ra2 Qe8 37. Rcc2 Qe7 38. Rc1 Ra5 39. Rcc2 Rh8 40. Rc1 Rha8 41. Rcc2 Qe8 42. Kg1 R8a7 43. Kf2 Nf6 44. Kg1 Qa8 45. Nxd7 Nxd7 {[%emt 0:00:59] [#]} 46. Bxd5 $1 exd5 47. Qxd5 Qf8 48. e4 fxe4 49. Rh2 Nf6 {[%emt 0:01:27] [#]} 50. Qg5+ $2 ({White must play} 50. Qf5 $1 $18 Bc5 51. Kh1 (51. dxc5 Qxc5+ 52. Qxc5 bxc5 $15)) 50... Kf7 {[%emt 0:00:36] [#]} 51. Rac2 $2 {[%emt 0:00:20] [#]} (51. Nd2 $1 $16 {[%cal Rd2e4] is forced if you want to stay better.} Qg7 {[#]} 52. Nxe4 $1 Qxg5 53. Nxd6+ Kg8 54. fxg5) 51... Rxa4 (51... Qg7 $1 $17 52. Ne3 Rxa4 53. Qxg7+ Kxg7 54. Nf5+ Kg6 55. Nxd6 Rxd4) 52. Qf5 Ra8 $2 (52... Qg7 $11 {and Black stays safe.} 53. d5 Bc5+ 54. Rxc5 bxc5) 53. Rh7+ $1 Qg7 54. Rxg7+ Kxg7 55. Qe6 Rxd4 56. Qf5 $2 ({White must play} 56. Ne3 $18 Bc5 57. Nf5+ Kg6 58. Nxd4 Bxd4+ 59. Kh2) 56... Bc5 ({Black should play} 56... Rd5 $17 57. Ne3 Bc5 58. Rxc5 Ra1+ 59. Kh2 Rd2+ 60. Ng2 bxc5 61. Qg5+ Kf7) 57. Qg5+ Kf7 58. Kg2 Ra1 $2 (58... Rg8 $11 59. Qe5 Rd5 60. Qc7+ Rd7 61. Rxc5 bxc5 62. Qxc5 Ra8) 59. f5 Rdd1 $2 (59... Rd6 60. Ne3 Ke8) 60. Qg6+ Kf8 $2 (60... Ke7 61. Qg7+ Ke8 62. Qxf6 Rxf1 63. Qe6+ Kf8 64. Qxe4 Rh1 65. Qxg4 Rag1+ 66. Kf3 Rf1+ 67. Ke4 Rd1) 61. Qxf6+ Ke8 62. Qe6+ Kd8 63. Rd2+ $18 Rxd2+ 64. Nxd2 e3 65. Nf1 Re1 66. f6 e2 67. Nd2 Rg1+ 0-1

[Event "II Duchamp Open 2018"]
[Site "Rio de Janeiro"]
[Date "2018.11.17"]
[Round "4"]
[White "Ramos, Angelo Bil"]
[Black "Okamura, Milton Kasuo"]
[Result "1-0"]
[ECO "B47"]
[WhiteElo "1952"]
[BlackElo "2038"]
[Annotator "NA RC"]
[PlyCount "153"]
[EventDate "2018.11.14"]
[EventType "swiss"]
[EventCountry "BRA"]
[SourceTitle "playchess.com"]
[Source "ChessBase"]
[SourceQuality "1"]
[TimeControl "5400+30"]

1. e4 c5 2. Nf3 e6 3. d4 cxd4 4. Nxd4 Nc6 5. Nc3 Qc7 6. Be2 a6 7. O-O Nf6 8. a3 Be7 9. Kh1 O-O 10. f4 d6 11. Nf3 {[%emt 0:01:21] B84: Sicilian Scheveningen: 6 Be2 a6, lines without early Be3} (11. Be3 b5 12. Qe1 Bb7 13. Qg3 {1-0 (13) Fedorchuk,S (2650)-Guliyev,N (2507) Paris 2011}) 11... b5 12. Bd3 Bb7 13. Qe2 b4 $146 ({Predecessor:} 13... Rfd8 14. h3 Rac8 15. g4 d5 16. e5 Nd7 17. g5 Nc5 {0-1 (48) Tlapa,V (1715)-Hampek,M Klatovy 1997}) 14. axb4 Nxb4 15. Bd2 Nxd3 16. cxd3 d5 17. e5 Nd7 18. Rfc1 Qb8 19. Nd4 g6 20. Na4 Rc8 21. Be3 Rxc1+ 22. Rxc1 Qe8 23. Rc7 Rb8 24. b3 Qd8 25. Qc2 Rc8 26. Rxc8 Qxc8 27. Qxc8+ Bxc8 28. Nc6 Ba3 29. Kg1 Kf8 30. Kf2 Ke8 31. Ke2 Bb7 32. Nd4 Be7 33. g3 Kd8 34. Kd2 Kc7 35. Kc3 Nb8 36. Nc2 Nd7 37. b4 Bc8 38. Nd4 Nb8 39. Nb3 Nc6 40. Bc5 Bd7 41. Bxe7 Nxe7 42. Nac5 Bc8 43. Nd4 Kb6 44. Kb3 Nc6 45. Na4+ Kc7 46. Nxc6 Kxc6 47. d4 Kb5 48. Nc3+ Kb6 49. Nd1 Bd7 50. Ne3 h5 51. h4 a5 52. g4 hxg4 53. Nxg4 a4+ 54. Kc3 $1 Kb5 55. Ne3 Bc6 56. Nc2 a3 57. Nxa3+ Ka4 58. Nb1 Bb5 59. Nd2 Be8 60. Nb3 Ka3 $2 (60... Kb5 $16 {is tougher.}) 61. Nc5 Bc6 62. b5 Bxb5 63. Nb7 Be2 64. Nd6 Bg4 65. Nxf7 Ka4 66. Nd6 Ka3 67. Ne8 Ka4 68. Nf6 Bh3 69. Kd3 Kb4 $2 (69... Kb5 70. Ke3 Kc6) 70. Ke3 Kc4 71. h5 gxh5 72. Nxh5 Bg4 73. Ng7 Kc3 74. f5 exf5 75. e6 f4+ 76. Kxf4 Bxe6 77. Nxe6 1-0

[Event "II Duchamp Open 2018"]
[Site "Rio de Janeiro"]
[Date "2018.11.17"]
[Round "4"]
[White "Chaves, Jorge Antonio Torre"]
[Black "Peixoto, Rudson Marinho"]
[Result "0-1"]
[ECO "B20"]
[WhiteElo "1922"]
[BlackElo "2007"]
[Annotator "NA"]
[PlyCount "140"]
[EventDate "2018.11.14"]
[EventType "swiss"]
[EventCountry "BRA"]
[SourceTitle "playchess.com"]
[Source "ChessBase"]
[SourceQuality "1"]
[TimeControl "5400+30"]

1. e4 c5 2. d3 e6 3. Nf3 d5 4. Nbd2 Nf6 5. g3 Nc6 6. Bg2 Be7 7. O-O Qc7 8. Re1 dxe4 9. dxe4 e5 10. c3 Bg4 11. a4 O-O 12. h3 Bh5 13. Qc2 Rfe8 14. Nc4 h6 15. Nh4 Rad8 16. Nf5 Bf8 17. g4 Bg6 18. Nce3 Kh7 19. Nh4 Rd7 20. Nxg6 fxg6 21. Nd5 Qd8 22. Be3 Bd6 23. Rad1 Ne7 24. Nxf6+ gxf6 25. Qc1 g5 26. Bf1 Qc7 27. Bb5 Nc6 28. h4 a6 29. Bc4 Bf8 30. hxg5 fxg5 31. Kg2 Red8 32. Be6 Rxd1 33. Bf5+ Kg7 34. Rxd1 Kf6 35. Rd5 Rxd5 36. exd5 Ne7 37. Be4 c4 38. Qd1 Ng6 39. Qc2 Nh4+ 40. Kg3 Bc5 41. Bc1 Qb6 42. Qe2 Ke7 43. Be3 Bxe3 44. fxe3 Qb3 45. Qf2 Qd1 46. a5 Ke8 47. Bc2 Qxd5 48. e4 Qc6 49. Qf1 Ke7 50. Bb1 Qc5 51. Qf2 Qxf2+ 52. Kxf2 Kd6 53. Ba2 Kc5 54. Ke3 Ng2+ 55. Kd2 Nf4 56. Ke3 Kb5 57. b3 cxb3 58. Bxb3 Kxa5 59. Bf7 b5 60. Kd2 Kb6 61. Kc2 Kc5 62. Kb3 a5 63. Kc2 b4 64. cxb4+ Kxb4 65. Bg8 a4 66. Ba2 Ne2 67. Kd2 Nc3 68. Be6 Nxe4+ 69. Ke3 Nc5 70. Bf7 Kc3 0-1